 Dungeon Sprint DCSS version 0.31-a0-18-gea43df2a32 (webtiles) character file.

Game seed: 17838482140160374964

59271 sircluck the Heavyweight Champion (level 14, -9/256 HPs)
             Began as a Troll Berserker on May 10, 2023.
             Was the Champion of Trog.
             Killed by divine providence
             ... invoked by a smoke demon
              (12 damage)
             ... in the Dungeon (Sprint II: "The Violet Keep of Menkaure").
             The game lasted 00:25:57 (3991 turns).

sircluck the Heavyweight Champion (Troll Berserker) Turns: 3991, Time: 00:25:58

Health: -9/256     AC: 23    Str: 34    XL:     14   Next: 52%
Magic:  11/11      EV:  8    Int: -1    God:    Trog [******]
Gold:   4080       SH:  0    Dex:  9    Spells: 13/13 levels left

rFire   + .          .
                       - Unarmed
rCold   + + .        (no shield)
rNeg    . . .        m - +0 gold dragon scales
rPois   +            N - +2 hat
rElec   .            n - +1 cloak {Will+}
rCorr   .            (gloves unavailable)
SInv    .            (boots unavailable)
Will    ++...        (no amulet) Stlth
                     S - +6 ring of strength
HPRegen 1.42/turn    q - ring of flight
MPRegen 0.12/turn

%: no teleportation
@: berserking, flying, slowed, lost intelligence, studying Throwing, unable to
read, unable to drink
A: large, unfitting armour, claws 3, regeneration 1, shaggy fur 1, tough skin 1,
cold resistance 1, deformed body, dopey 2, low MP 1, robust 1, screaming 2, weak
2, inability to drink after injury 2, inability to read after injury 2,
devolution 1
0: Orb of Zot
a: Renounce Religion, Berserk, Trog's Hand, Brothers in Arms


You were in the Dungeon.
You worshipped Trog.
Trog was exalted by your worship.
You visited 1 branch You collected 7576 gold pieces.
You spent 3496 gold pieces at shops.

Inventory:

Missiles
 w - 2 poisoned darts (quivered)
 x - 3 datura-tipped darts
 y - 37 stones
Armour
 a - a +0 animal skin
 h - a +0 cloak of stealth
 i - +0 storm dragon scales
 m - +0 gold dragon scales (worn)
 n - a +1 cloak of willpower (worn)
 N - a +2 hat (worn)
Jewellery
 o - a +6 ring of strength
 p - a +4 ring of protection
 q - a ring of flight (right claw)
 u - a ring of see invisible
 H - a +4 ring of slaying
 J - a ring of protection from fire
 K - a +6 ring of intelligence
 S - a +6 ring of strength (left claw)
 T - an amulet of magic regeneration
Wands
 c - a wand of mindburst (18)
 L - a wand of polymorph (16)
 Q - a wand of flame (9)
 R - a wand of iceblast (2)
Scrolls
 g - 2 scrolls of blinking
 k - a scroll of enchant weapon {unknown}
 r - 7 scrolls of identify {unknown}
 s - 5 scrolls of poison {unknown}
 t - a scroll of immolation {unknown}
 A - 2 scrolls of vulnerability {unknown}
 C - a scroll of summoning {unknown}
 D - 2 scrolls of magic mapping {unknown}
 E - 3 scrolls of torment {unknown}
 F - 3 scrolls of amnesia {unknown}
 O - a scroll of acquirement
 U - a scroll of enchant armour {unknown}
 V - a scroll of fear {unknown}
Potions
 b - 2 potions of curing
 d - 11 potions of haste
 e - 6 potions of magic
 f - a potion of berserk rage
 j - 15 potions of flight {unknown}
 l - 3 potions of might {unknown}
 v - 6 potions of resistance {unknown}
 z - a potion of ambrosia {unknown}
 B - 2 potions of attraction {unknown}
 G - a potion of invisibility {unknown}
 I - 3 potions of heal wounds
 M - a potion of degeneration {unknown}
 P - a potion of experience {unknown}
 W - a potion of lignification {unknown}
 Z - 27 potions of mutation {unknown}
Miscellaneous
 X - a phial of floods
 Y - a piece from Xom's chessboard (15/15)


   Skills:
 + Level 14.3 Fighting
 + Level 3.6 Throwing
 + Level 19.1 Armour
 + Level 12.2 Dodging
 + Level 1.8 Stealth
 O Level 27 Unarmed Combat
 + Level 2.0 Evocations


You had 13 spell levels left.
You didn't know any spells.
Your spell library was empty.

Dungeon Overview and Level Annotations

Branches:
Dungeon (1/1)

Altars:
Cheibriados
Dithmenos
Elyvilon
Fedhas
Gozag
Hepliaklqana
Kikubaaqudgha
Makhleb
Nemelex Xobeh
Okawaru
Qazlal
Ru
Sif Muna
Trog
Uskayaw
Vehumet
Wu Jian
Xom
Yredelemnul
Zin
The Shining One
Jiyva
Lugonu

Shops:
D *!=!::(:?=[?=*[([*([[=?=(!![([!:(:[

Annotations:
D Lernaean hydra


Innate Abilities, Weirdness & Mutations

You are too large for most types of armour.
You have claws for hands.
Your natural rate of healing is unusually fast.
You are covered in fur. (AC +1)
You have tough skin. (AC +1)
Your flesh is cold resistant. (rC+)
Armour fits poorly on your strangely shaped body.
You are very dopey. (Int -4)
Your magical capacity is low. (-10% MP)
You are robust. (+10% HP)
You frequently scream uncontrollably at your foes.
You are very weak. (Str -4)
You sometimes lose the ability to drink potions when taking damage.
You sometimes lose the ability to read scrolls when taking damage.
You have hidden genetic defects.


Message History

The Brimstone Fiend calls on the powers of darkness!
Your body is wracked with pain!
* * * LOW HITPOINT WARNING * * *
A red film seems to cover your vision as you go berserk!
You feel yourself moving faster!
You feel mighty!
You are covered in liquid flames!
* * * LOW HITPOINT WARNING * * *
The Brimstone Fiend hits you.
* * * LOW HITPOINT WARNING * * *
The Brimstone Fiend hits you but does no damage.
The Brimstone Fiend completely misses you.
A toenail golem comes into view.
You eviscerate the Brimstone Fiend!!! You claw the Brimstone Fiend!
The Brimstone Fiend is almost dead.
You are covered in liquid flames!
* * * LOW HITPOINT WARNING * * *
The rakshasa gestures at you. The lance of force hits you!
* * * LOW HITPOINT WARNING * * *
You are knocked back by the lance of force.
You slam into the closed door!
The Brimstone Fiend hits you.
* * * LOW HITPOINT WARNING * * *
The Brimstone Fiend hits you but does no damage. x2
Unknown command.
You eviscerate the Brimstone Fiend!!!
You feel the power of Trog in you as your rage grows.
You kill the Brimstone Fiend!
Trog accepts your kill.
You are covered in liquid flames!
* * * LOW HITPOINT WARNING * * *
Your Armour skill increases to level 19!
Your Evocations skill increases to level 2!
Unknown command.
You barely miss the smoke demon.
You are covered in liquid flames!
You are no longer on fire.
The rakshasa blinks!
The smoke demon gestures at you. Something smites you!
You die...

##~~~..~§§.~~.#..'....#..#}○▓.[..
.#~~~~.##)##..#..####.#..#|)▓.[..
∩#~~~~##.#.##.####).')##.#}|▓...[
.#~~~~#.###.#~...#[.#...####▓)[..
∩#~~..##.#.####..#####^.##.#▓..:.
.#~#...##'###.##..#..'..#°.#▓...)
.#~#....#.##...#..#.[#..#°.#▓..).
.'~'.#.'.<.'##.+..####^.##.#▓....
.#~#...##.##.###@.1.###.^)##▓▓▓▓▓
##~#...##'.##.##3§....~~~~~~~~~~~
##~~.#.#.)..###~~.....~#'########
.##~~~...#..#~~~~~~~..~#._._._..#
'##'#~.#...##~~~~~~~~.~#.._._._.#
≈##.#~~##'##~~~≈§≈~~~~~#._._._._#
°○####~~~~~~~9§§≈§§≈§R§#_._._._.#
°○°# #+++#+++#~§§§§§§§~#._._._..#
≈≈°###≈≈≈≈≈≈≈##§≈§###≈≈#_._._...#


You could see a Brimstone Fiend, a rakshasa, a toenail golem and a smoke demon.

Vanquished Creatures
  Nikola (D)
  2 golden dragons (D)
  A bone dragon (D)
  A hellephant (D)
  A Brimstone Fiend (D)
  An Orb Guardian (D)
  A deep elf blademaster (D)
  3 quicksilver dragons (D)
  Murray (D)
  A kraken (D)
  2 sphinxes (D)
  Kirke (D)
  2 storm dragons (D)
  Gastronok (D)
  Roxanne (D)
  A frost giant (D)
  A draconian shifter (D)
  Nessos (D)
  A dire elephant (D)
  3 lorocyprocas (D)
  A crystal guardian (D)
  A great orb of eyes (D)
  A deep elf high priest (D)
  A yaktaur captain (D)
  A centaur warrior (D)
  2 boulder beetles (D)
  An iron elemental (D)
  A death yak (D)
  2 hell hogs (D)
  Sonja (D)
  3 sixfirhies (D)
  2 deep trolls (D)
  A harpy (D)
  2 death drakes (D)
  An orange crystal statue (D)
  3 orc sorcerers (D)
  15 shining eyes (D)
  An oklob plant (D)
  A merfolk siren (D)
  An elephant (D)
  An ice statue (D)
  2 toenail golems (D)
  2 cane toads (D)
  An eye of devastation (D)
  2 unseen horrors (D)
  A kobold demonologist (D)
  A yaktaur (D)
  5 polar bears (D)
  A hornet (D)
  A blink frog (D)
  6 flying skulls (D)
  5 wyverns (D)
  2 redbacks (D)
  Menkaure (D)
  10 floating eyes (D)
  4 water moccasins (D)
  2 swamp drakes (D)
  3 black bears (D)
  A necrophage (D)
  9 electric eels (D)
  4 lava snakes (D)
  A jelly (D)
  An iron imp (D)
  3 worms (D)
  4 tentacles (D)
142 creatures vanquished.

Vanquished Creatures (collateral kills)
  A cacodemon (D)
  A skeletal warrior (D)
  A glowing orange brain (D)
3 creatures vanquished.

Vanquished Creatures (others)
  A water moccasin (D)
  2 ballistomycete spores (D)
  4 tentacles (D)
7 creatures vanquished.

Grand Total: 152 creatures vanquished

Notes
Turn   | Place    | Note
-------+----------+-------------------------------------------
     0 | D        | sircluck the Troll Berserker began the quest for the Orb.
     0 | D        | Reached XP level 1. HP: 22/22 MP: 0/0
    13 | D        | Reached ** piety under Trog
    14 | D        | Reached XP level 2. HP: 12/31 MP: 1/1
    34 | D        | Noticed Menkaure
    38 | D        | Killed Menkaure
    39 | D        | Reached skill level 6 in Unarmed Combat
    39 | D        | Reached XP level 3. HP: 18/40 MP: 2/2
    39 | D        | Reached XP level 4. HP: 22/49 MP: 3/3
    69 | D        | Noticed a wyvern
    69 | D        | Noticed a wyvern
    74 | D        | Killed a wyvern
    75 | D        | Reached skill level 8 in Unarmed Combat
    75 | D        | Reached XP level 5. HP: 28/59 MP: 4/4
    78 | D        | Killed a wyvern
    78 | D        | Reached *** piety under Trog
    79 | D        | Reached skill level 9 in Unarmed Combat
    79 | D        | Reached XP level 6. HP: 20/68 MP: 5/5
   219 | D        | Noticed a boulder beetle
   219 | D        | Noticed a boulder beetle
   223 | D        | Noticed a merfolk siren
   228 | D        | Killed a merfolk siren
   229 | D        | Reached skill level 10 in Unarmed Combat
   229 | D        | Reached XP level 7. HP: 33/79 MP: 6/6
   288 | D        | Killed a boulder beetle
   289 | D        | Reached skill level 12 in Unarmed Combat
   289 | D        | Reached XP level 8. HP: 91/91 MP: 7/7
   293 | D        | Killed a boulder beetle
   293 | D        | Reached **** piety under Trog
   294 | D        | Reached skill level 13 in Unarmed Combat
   341 | D        | Found Xubroyq's Weapon Shop.
   341 | D        | Found Okeiph's Antique Armour Boutique.
   341 | D        | Found Rubliop's Distillery.
   341 | D        | Found Suexe's Antique Armour Boutique.
   341 | D        | Found Nuir Qitzo's Antique Weapon Shop.
   341 | D        | Found Zenabbou's Jewellery Boutique.
   341 | D        | Found Luyx's Antique Weapon Shop.
   341 | D        | Found Ysefew's Distillery.
   341 | D        | Found Fecienki's Antique Armour Boutique.
   342 | D        | Found Kymer's Magic Scroll Shop.
   343 | D        | Noticed a hell hog
   351 | D        | Reached XP level 9. HP: 92/101 MP: 8/8
   355 | D        | Found Zuvemmef's Magic Scroll Boutique.
   355 | D        | Found Axoyrad's Book Shop.
   355 | D        | Noticed a hell hog
   355 | D        | Noticed an oklob plant
   356 | D        | Found Zaraomm's Distillery.
   356 | D        | Found Alaewal's Book Shoppe.
   356 | D        | Found Fuanop's Jewellery Boutique.
   356 | D        | Noticed a polar bear
   357 | D        | Noticed a polar bear
   387 | D        | Identified Roxanne's Notes on Terrain
   387 | D        | Noticed Roxanne
   409 | D        | Killed Roxanne
   410 | D        | Reached skill level 10 in Fighting
   410 | D        | Reached skill level 10 in Dodging
   410 | D        | Reached skill level 15 in Unarmed Combat
   431 | D        | Noticed a storm dragon
   439 | D        | Killed a storm dragon
   439 | D        | Reached ***** piety under Trog
   440 | D        | Reached skill level 16 in Unarmed Combat
   440 | D        | Reached XP level 10. HP: 43/111 MP: 9/9
   500 | D        | Found Gepnyeci's Antique Armour Boutique.
   500 | D        | Found Kidumoegui's Book Shoppe.
   500 | D        | Found Roygikypt's Weapon Shop.
   500 | D        | Found Neus's Distillery.
   500 | D        | Noticed a golden dragon
   533 | D        | Killed a golden dragon
   534 | D        | Reached skill level 17 in Unarmed Combat
   703 | D        | Noticed an elephant
   703 | D        | Noticed a centaur warrior
   703 | D        | Noticed Kirke
   705 | D        | Received a gift from Trog
   713 | D        | Noticed a yaktaur captain
   715 | D        | Killed Kirke
   715 | D        | Gained mutation: You are robust. (+10% HP) [a neqoxec]
   716 | D        | Reached skill level 18 in Unarmed Combat
   720 | D        | Killed a yaktaur captain
   724 | D        | Killed a centaur warrior
   725 | D        | Reached XP level 11. HP: 98/132 MP: 10/10
   739 | D        | Reached skill level 19 in Unarmed Combat
   740 | D        | Received a gift from Trog
   749 | D        | Noticed a skeletal warrior
   758 | D        | Killed a skeletal warrior
   805 | D        | Noticed a great orb of eyes
   812 | D        | Killed a great orb of eyes
   849 | D        | Noticed a death yak
   855 | D        | Reached skill level 20 in Unarmed Combat
   861 | D        | Reached skill level 5 in Armour
   862 | D        | Received a gift from Trog
   867 | D        | Killed a death yak
   933 | D        | Found Duceow's Assorted Antiques.
   933 | D        | Found Agoloi's Book Shop.
   933 | D        | Found Ciaquz's Distillery.
   933 | D        | Found Jycotu's Weapon Shoppe.
   933 | D        | Found Pyuhoter's Antique Armour Boutique.
   934 | D        | Found Liadwy's Jewellery Shoppe.
   934 | D        | Found Ekasujuawyts's General Store.
   934 | D        | Found Saaw's Weapon Emporium.
   934 | D        | Found Zuiss's Jewellery Shop.
   934 | D        | Found Jedo's Antique Armour Emporium.
   934 | D        | Found Pauhu's Armour Shop.
   934 | D        | Found Upugheu's Magic Scroll Shoppe.
  1003 | D        | Bought a scroll of acquirement for 676 gold pieces
  1003 | D        | Acquired 922 gold pieces
  1035 | D        | Noticed a cacodemon
  1035 | D        | Noticed a bone dragon
  1036 | D        | Noticed a storm dragon
  1036 | D        | Noticed a golden dragon
  1037 | D        | Gained mutation: Your flesh is cold resistant. (rC+) [a
                  | cacodemon]
  1060 | D        | Killed a bone dragon
  1061 | D        | Reached skill level 21 in Unarmed Combat
  1071 | D        | Killed a storm dragon
  1118 | D        | Killed a golden dragon
  1119 | D        | Reached skill level 22 in Unarmed Combat
  1119 | D        | Reached XP level 12. HP: 145/145 MP: 11/11
  1145 | D        | Killed a cacodemon
  1162 | D        | Noticed a frost giant
  1171 | D        | Killed a frost giant
  1172 | D        | Acquired 1025 gold pieces
  1172 | D        | Noticed a deep elf high priest
  1189 | D        | Killed a deep elf high priest
  1189 | D        | Received a gift from Trog
  1197 | D        | Acquired a manual of Throwing
  1199 | D        | Acquired 640 gold pieces
  1272 | D        | Bought a runed cloak for 180 gold pieces
  1272 | D        | Bought an embroidered cloak for 180 gold pieces
  1333 | D        | Bought a +6 ring of strength for 432 gold pieces
  1333 | D        | Bought a +4 ring of protection for 432 gold pieces
  1333 | D        | Bought a ring of flight for 210 gold pieces
  1390 | D        | Found Afireuth's Armour Boutique.
  1404 | D        | Found a radiant altar of Vehumet.
  1404 | D        | Found a hide-covered altar of Uskayaw.
  1404 | D        | Found a bloodstained altar of Trog.
  1405 | D        | Found an iron altar of Okawaru.
  1405 | D        | Found an opulent altar of Gozag.
  1405 | D        | Found a sparkling altar of Nemelex Xobeh.
  1405 | D        | Found a blossoming altar of Fedhas.
  1405 | D        | Found a burning altar of Makhleb.
  1405 | D        | Found a corrupted altar of Lugonu.
  1405 | D        | Found a shimmering blue altar of Sif Muna.
  1405 | D        | Found a glowing silver altar of Zin.
  1405 | D        | Found a basalt altar of Yredelemnul.
  1405 | D        | Found a shimmering altar of Xom.
  1406 | D        | Found a white marble altar of Elyvilon.
  1406 | D        | Found an ancient bone altar of Kikubaaqudgha.
  1406 | D        | Found a sacrificial altar of Ru.
  1407 | D        | Found a glowing golden altar of the Shining One.
  1407 | D        | Found an ornate altar of the Wu Jian Council.
  1438 | D        | Found a shadowy altar of Dithmenos.
  1438 | D        | Found a viscous altar of Jiyva.
  1438 | D        | Found a stormy altar of Qazlal.
  1443 | D        | Found a hazy altar of Hepliaklqana.
  1443 | D        | Found a snail-covered altar of Cheibriados.
  1457 | D        | Reached skill level 23 in Unarmed Combat
  1483 | D        | Noticed a crystal guardian
  1493 | D        | Received a gift from Trog
  1498 | D        | Killed a crystal guardian
  1655 | D        | Reached skill level 10 in Armour
  1694 | D        | Noticed a deep elf master archer
  1773 | D        | Reached ****** piety under Trog
  1782 | D        | Noticed an iron elemental
  1786 | D        | Killed an iron elemental
  1786 | D        | Received a gift from Trog
  1811 | D        | Reached skill level 24 in Unarmed Combat
  1839 | D        | Noticed a kraken
  1858 | D        | Killed a kraken
  1864 | D        | Noticed a purple draconian shifter
  1864 | D        | Noticed Sonja
  1866 | D        | Noticed a hellephant
  1870 | D        | Killed Sonja
  1878 | D        | Killed a purple draconian shifter
  1882 | D        | Killed a hellephant
  1883 | D        | Reached skill level 25 in Unarmed Combat
  1883 | D        | Reached XP level 13. HP: 142/155 MP: 12/12
  2113 | D        | Received a gift from Trog
  2307 | D        | Noticed a sphinx
  2307 | D        | Noticed a sphinx
  2311 | D        | Killed a sphinx
  2312 | D        | Reached skill level 1 in Stealth
  2313 | D        | Killed a sphinx
  2399 | D        | Bought a +4 ring of slaying for 858 gold pieces
  2415 | D        | Bought a potion of heal wounds for 55 gold pieces
  2415 | D        | Bought a potion of curing for 33 gold pieces
  2439 | D        | Bought 2 potions of heal wounds for 110 gold pieces
  2465 | D        | Bought a potion of heal wounds for 55 gold pieces
  2495 | D        | Bought a ring of protection from fire for 275 gold pieces
  2519 | D        | Received a gift from Trog
  2531 | D        | Noticed Nikola
  2533 | D        | Noticed the 27-headed Lernaean hydra
  2626 | D        | Received a gift from Trog
  2632 | D        | Reached skill level 26 in Unarmed Combat
  2671 | D        | Killed Nikola
  3044 | D        | Received a gift from Trog
  3062 | D        | Found Tecsad's Book Shoppe.
  3131 | D        | Identified the +6 halberd of Vymuon {heavy, rC+ Str+3}
                  | (Trog gifted it to you in the Dungeon)
  3131 | D        | Received a gift from Trog
  3154 | D        | Found Goumethro's General Store.
  3155 | D        | Found Uladdach's Jewellery Boutique.
  3158 | D        | Noticed Nessos
  3166 | D        | Killed Nessos
  3171 | D        | Identified the +8 quarterstaff "Homot" {freeze, Will+
                  | Int+4}
  3213 | D        | Noticed Gastronok
  3217 | D        | Killed Gastronok
  3228 | D        | Noticed a dire elephant
  3231 | D        | Killed a dire elephant
  3231 | D        | Received a gift from Trog
  3232 | D        | Reached skill level 1 in Throwing
  3232 | D        | Reached skill level 27 in Unarmed Combat
  3290 | D        | Identified the staff of death "Qihurgh" {rN+ MP+9 Int+2
                  | Dex+2}
  3328 | D        | Gained mutation: You occasionally lose the ability to read
                  | scrolls when taking damage. [mutagenic glow]
  3339 | D        | Received a gift from Trog
  3350 | D        | Gained mutation: You have hidden genetic defects.
                  | [mutagenic glow]
  3359 | D        | Noticed a deep elf blademaster
  3368 | D        | Killed a deep elf blademaster
  3369 | D        | Reached skill level 15 in Armour
  3369 | D        | Reached skill level 1 in Evocations
  3469 | D        | Gained mutation: You occasionally lose the ability to drink
                  | potions when taking damage. [a shining eye]
  3469 | D        | Gained mutation: You occasionally shout uncontrollably at
                  | your foes. [a shining eye]
  3469 | D        | Gained mutation: You are dopey. (Int -2) [a shining eye]
  3472 | D        | Reached XP level 14. HP: 168/168 MP: 13/13
  3474 | D        | Paralysed by a floating eye for 4 turns
  3486 | D        | Paralysed by a floating eye for 4 turns
  3489 | D        | Gained mutation: Armour fits poorly on your strangely
                  | shaped body. [a shining eye]
  3491 | D        | Gained mutation: You frequently scream uncontrollably at
                  | your foes. [a shining eye]
  3497 | D        | Lost intelligence.
  3497 | D        | Gained mutation: You are very dopey. (Int -4) [a shining
                  | eye]
  3498 | D        | Gained mutation: You sometimes lose the ability to read
                  | scrolls when taking damage. [a shining eye]
  3508 | D        | Gained mutation: You are weak. (Str -2) [hidden defects]
  3511 | D        | Gained mutation: You are very weak. (Str -4) [a shining
                  | eye]
  3511 | D        | Paralysed by a floating eye for 4 turns
  3518 | D        | Gained mutation: You have terrible hidden genetic defects.
                  | [a shining eye]
  3522 | D        | Gained mutation: You sometimes lose the ability to drink
                  | potions when taking damage. [a shining eye]
  3555 | D        | Noticed a quicksilver dragon
  3555 | D        | Noticed a quicksilver dragon
  3565 | D        | Killed a quicksilver dragon
  3566 | D        | Killed a quicksilver dragon
  3568 | D        | Received a gift from Trog
  3666 | D        | Noticed a quicksilver dragon
  3674 | D        | Killed a quicksilver dragon
  3686 | D        | Gained mutation: Your magical capacity is low. (-10% MP)
                  | [hidden defects]
  3686 | D        | Lost mutation: You have terrible hidden genetic defects.
                  | [hidden defects expressed]
  3809 | D        | Noticed Murray
  3820 | D        | Killed Murray
  3890 | D        | Got the Orb of Zot
  3961 | D        | Noticed a Brimstone Fiend
  3978 | D        | Noticed an Orb Guardian
  3984 | D        | Killed an Orb Guardian
  3989 | D        | HP: 4/256 [rakshasa/lance of force (14)]
  3990 | D        | Killed a Brimstone Fiend
  3991 | D        | Killed from afar by a smoke demon

Illustrated notes

Levels and vault maps discovered:
D:        the_violet_keep_of_menkaure [sprint2_stairs_cluster_1,
          sprint2_shoproom, sprint2_temple, sprint2_basic_supplies,
          sprint2_obstacle_2, sprint2_obstacle_7, sprint2_obstacle_6,
          sprint2_obstacle_5, sprint2_obstacle_4, sprint2_timed_cluster_1,
          sprint2_smallroom_cluster_1, sprint2_smallroom_final_cluster_1,
          sprint2_transparent_cluster_1, sprint2_second_timed_cluster_1,
          sprint2_sniper_area_1, sprint2_heavy_combat_area_1,
          sprint2_mutation_trap_area_1, sprint2_forest_area_1,
          sprint2_light_combat_area_1, sprint2_behind_water_1,
          sprint2_near_end_vault_1]

Skill      XL: |  1  2  3  4  5  6  7  8  9 10 11 12 13 14 |
---------------+-------------------------------------------+-----
Fighting       | 3 4 6 7 8 9 10 11 12 13 14 | 14.3
Dodging        | 3 4 6 7 8 9 10 11 12 | 12.2
Unarmed Combat | 6 8 9 10 12 13 16 18 22 25 27 | 27.0
Armour         | 3 7 11 15 19 | 19.1
Stealth        | 1 |  1.8
Throwing       | 2 3 |  3.6
Evocations     | 1 2 |  2.0

Action                     |  1- 3 |  4- 6 |  7- 9 | 10-12 | 13-15 || total
---------------------------+-------+-------+-------+-------+-------++-------
  Melee: Unarmed           |    12 |    11 |    38 |   197 |   189 ||   447
         Punch             |       |       |     6 |    22 |    22 ||    50
  Throw: Dart              |       |       |       |       |     1 ||     1
 Invoke: Berserk           |       |     2 |     2 |     6 |     5 ||    15
         Brothers in Arms  |       |       |       |     3 |       ||     3
  Evoke: Wand              |       |       |       |       |     2 ||     2
         Piece from Xom's  |       |       |       |       |     1 ||     1
    Use: Scroll            |       |       |       |     4 |       ||     4
         Potion            |       |       |       |     1 |     1 ||     2
   Stab: Distracted        |       |       |       |     1 |       ||     1
 Armour: Animal skin       |       |     1 |     4 |       |       ||     5
         Storm dragon scal |       |       |       |    32 |       ||    32
         Gold dragon scale |       |       |       |    65 |    87 ||   152
  Dodge: Dodged            |     3 |     3 |     7 |    57 |    55 ||   125

Table legend: (Time is in decaauts)
 A = Elapsed time spent in this place.
 B = Non-inter-level travel time spent in this place.
 C = Inter-level travel time spent in this place.
 D = Time resting spent in this place.
 E = Time spent auto-exploring this place.
 F = Levels seen in this place.
 G = Mean time per level.
                   A        B        C        D        E       F      G
               +--------+--------+--------+--------+--------+-----+--------+
         Total |   4166 |   3677 |    489 |   1557 |    458 |   1 | 4166.0 |
       Dungeon |   4166 |   3677 |    489 |   1557 |    458 |   1 | 4166.0 |
               +--------+--------+--------+--------+--------+-----+--------+

Top non-repeatable levels by time:
       D: 4166 daAuts
